 Dungeon Crawl Stone Soup version 0.30.0-15-g856e2d3f33 (webtiles) character file.

Game seed: 6098199179758295120

4 Jackthecabe the Grasshopper (level 1, 0/17 HPs)
             Began as a Ghoul Warper on May 19, 2023.
             Slain by a quokka (3 damage)
             ... on level 1 of the Dungeon.
             The game lasted 00:00:12 (40 turns).

Jackthecabe the Grasshopper (Ghoul Warper)            Turns: 40, Time: 00:00:13

Health: 0/17       AC:  3    Str: 14    XL:     1   Next: 60%
Magic:  2/2        EV: 11    Int:  8    God:
Gold:   0          SH:  0    Dex:  8    Spells: 3/3 levels left

rFire   . .          .
                       - Unarmed
rCold   + . .        (no shield)
rNeg    + + +        a - +0 leather armour
rPois   ∞            (no helmet)
rElec   .            (no cloak)
rCorr   .            (no gloves)
SInv    .            (no boots)
Will    .....        (no amulet)
Stlth   +            (no ring)
HPRegen 0.00/turn    (no ring)
MPRegen 0.08/turn

%: no passive effects
@: inhibited regen
A: claws 1, cold resistance 1, negative energy resistance 3, inhibited
regeneration, torment resistance 2, devour on kill
a: no special abilities


You were on level 1 of the Dungeon.
You visited 1 branch of the dungeon, and saw 1 of its levels.

Inventory:

Missiles
 c - 7 boomerangs of dispersal (quivered) {=f}
Armour
 a - a +0 leather armour (worn)
Scrolls
 b - a scroll of blinking {!r!d}
 d - a scroll of identify {unknown}


   Skills:
 - Level 2.1 Fighting
 - Level 0.8 Throwing
 - Level 0.8 Armour
 - Level 1.7 Dodging
 + Level 2.6 Unarmed Combat
 - Level 1.7 Spellcasting
 - Level 2.6 Translocations


You had 3 spell levels left.
You didn't know any spells.
Your spell library contained the following spells:

 Spells                   Type           Power      Damage    Failure   Level
 Blink                    Tloc           10%        N/A       22%         2
 Lesser Beckoning         Tloc           10%        N/A       22%         2
 Teleport Other           Tloc           5%         N/A       41%         3
 Vhi's Electric Charge    Tloc/Air       4%         N/A       61%         3
 Manifold Assault         Tloc           5%         N/A       83%         4


Dungeon Overview and Level Annotations

Branches:
Dungeon (1/15)

Altars:


Innate Abilities, Weirdness & Mutations

You are immune to poison.
You have sharp fingernails.
Your flesh is cold resistant. (rC+)
You are immune to negative energy. (rN+++)
You do not regenerate when monsters are visible.
You are immune to unholy pain and torment.
You thrive by killing the living.


Message History

Bad channel name 'Jiyva says' for runrest: 'Jiyva says: Divide and consume' Options error: Missing colour in message_colour setting: 'before it is too late' Options error: Missing colour in message_colour setting: 'Shift\-Dir \- straight line' Options error: Missing colour in message_colour setting: 'f \- you' Welcome, Jackthecabe the Ghoul Warper.
Will you prevail where others failed? Will you find the Orb of Zot?
Found a staircase leading out of the dungeon.
You open the door.
A bat comes into view.
Found a book of Weapons.
Found an escape hatch in the floor.
There is an open door here.
You barely miss the bat. The bat misses you.
The bat hits you but does no damage. The bat barely misses you.
You miss the bat. The bat hits you but does no damage.
The bat hits you but does no damage. The bat hits you but does no damage.
You claw the bat!
You kill the bat!
No target in view!
No target in view!
A goblin comes into view. It is wielding a +0 dagger.
The goblin shouts!
A goblin is nearby!
The goblin barely misses you.
You scratch the goblin. The goblin closely misses you.
You scratch the goblin.
You kill the goblin!
No target in view!
d - a scroll labelled EWI GERGHEPH A rat comes into view.
A rat is nearby!
An endoplasm comes into view.
A bat comes into view.
You closely miss the rat.
The endoplasm quivers.
The rat bites you but does no damage.
A quokka comes into view.
You completely miss the rat. The rat closely misses you.
You scratch the endoplasm.
The endoplasm hits you but does no damage.
The rat bites you.
You take 1 damage, and have 16/17 hp.
You scratch the endoplasm but do no damage.
The rat completely misses you.
The endoplasm jiggles.
The endoplasm barely misses you.
You scratch the endoplasm but do no damage.
The rat bites you. The endoplasm freezes you.
You are frozen.
You resist.
You take 2 damage, and have 14/17 hp.
You barely miss the endoplasm. The quokka closely misses you.
The rat barely misses you.
The endoplasm hits you but does no damage.
You scratch the endoplasm.
You kill the endoplasm!
You feel better. The quokka closely misses you. The rat completely misses you.
You barely miss the rat. The quokka bites you. The rat bites you.
The quokka barely misses you.
You take 4 damage, and have 11/17 hp.
MASSIVE DAMAGE!!
You barely miss the rat. The rat barely misses you.
The quokka closely misses you.
You scratch the rat.
You kill the rat!
You feel better. The bat barely misses you. The bat closely misses you.
The quokka closely misses you.
You barely miss the bat. The bat misses you. The quokka bites you.
You take 4 damage, and have 8/17 hp.
MASSIVE DAMAGE!!
The quokka attacks as you move away! The quokka bites you.
* * * LOW HITPOINT WARNING * * *
The bat hits you but does no damage.
You take 4 damage, and have 4/17 hp.
MASSIVE DAMAGE!!
You barely miss the bat. The bat misses you. The bat hits you.
* * * LOW HITPOINT WARNING * * *
The quokka closely misses you.
You take 1 damage, and have 3/17 hp.
You barely miss the quokka. The bat hits you but does no damage.
The bat closely misses you. The quokka bites you.
You die...

#.........
#........#
#........ .......
## .?... .. ...
#. #b# #. #@#
#)###r# .
###.....#####:..
##...............
#...........>....
#..............##
#.#.†............
#.#.####'########
# #.


#♣P.PPPPP# You could see a quokka and a bat.

Vanquished Creatures
  An endoplasm (D:1)
  A goblin (D:1)
  A bat (D:1)
  A rat (D:1)
4 creatures vanquished.

Notes
Turn   | Place    | Note
-------+----------+-------------------------------------------
     0 | D:1      | Jackthecabe the Ghoul Warper began the quest for the Orb.
     0 | D:1      | Reached XP level 1. HP: 17/17 MP: 2/2
    37 | D:1      | HP: 8/17 [quokka (4)]
    39 | D:1      | HP: 3/17 [bat (1)]
    40 | D:1      | Slain by a quokka

Illustrated notes

Levels and vault maps discovered:
D:1:      tarquinn_simple_flora_water_f, layout_basic

Action                     || total
---------------------------++-------
  Melee: Unarmed           ||    18
 Armour: Leather armour    ||     9
  Dodge: Dodged            ||    21

Levels and vault maps discovered:
D:1:      tarquinn_simple_flora_water_f, layout_basic

Table legend: (Time is in decaauts)
 A = Elapsed time spent in this place.
 B = Non-inter-level travel time spent in this place.
 C = Inter-level travel time spent in this place.
 D = Time resting spent in this place.
 E = Time spent auto-exploring this place.
 F = Levels seen in this place.
 G = Mean time per level.
                   A        B        C        D        E       F      G
               +--------+--------+--------+--------+--------+-----+--------+
         Total |     39 |     39 |      0 |      0 |     10 |   1 |   39.0 |
       Dungeon |     39 |     39 |      0 |      0 |     10 |   1 |   39.0 |
               +--------+--------+--------+--------+--------+-----+--------+

Top non-repeatable levels by time:
     D:1: 39 daAuts

Table legend:
 A = Kills in this place as a percentage of kills in the entire game.
 B = Kills by you in this place as a percentage of kills by you in the entire game.
 C = Kills by friends in this place as a percentage of kills by friends in the entire game.
 D = Other kills in this place as a percentage of other kills in the entire game.
 E = Experience gained in this place as a percentage of experience gained in the entire game.
 F = Experience gained in this place divided by the number of levels of this place that you have seen.
                   A       B       C       D       E      F
               +-------+-------+-------+-------+-------+----------------------
         Total | 100.0 | 100.0 |   N/A |   N/A | 100.0 |   6.0
       Dungeon | 100.0 | 100.0 |   N/A |   N/A | 100.0 |   6.0
               +-------+-------+-------+-------+-------+----------------------
